 Dungeon Crawl Stone Soup version 0.30-b1-2-g02819fbbbe (webtiles) character file.

Game seed: 6098282402423562323

109 Twixt the Trooper (level 4, -2/40 HPs)
             Began as a Draconian Berserker on June 13, 2023.
             Was a Believer of Trog.
             Slain by a gnoll
             ... wielding a +0 halberd
              (6 damage)
             ... on level 2 of the Dungeon.
             The game lasted 00:07:58 (1620 turns).

Twixt the Trooper (Draconian Berserker)             Turns: 1620, Time: 00:07:59

Health: -2/40      AC:  6    Str: 21    XL:     4   Next: 60%
Magic:  4/4        EV: 12    Int:  7    God:    Trog [**....]
Gold:   99         SH:  0    Dex: 11    Spells: 3/3 levels left

rFire   . . .        a - +0 hand axe
rCold   . . .        (no shield)
rNeg    . . .        (body armour unavailable)
rPois   .            (helmet restricted)
rElec   .            (no cloak)
rCorr   .            b - +0 pair of gloves
SInv    .            (no boots)
Will    .....        (no amulet)
Stlth   +            (no ring)
HPRegen 0.26/turn    (no ring)
MPRegen 0.09/turn

%: no passive effects
@: on berserk cooldown, slowed, very slow
A: AC +5, unfitting armour, cold-blooded
a: Renounce Religion, Berserk, Trog's Hand


You were on level 2 of the Dungeon.
You worshipped Trog.
Trog was pleased with you.
You visited 1 branch of the dungeon, and saw 2 of its levels.

You collected 99 gold pieces.

Inventory:

Hand Weapons
 a - a +0 hand axe (weapon)
Armour
 b - a +0 pair of gloves (worn)
Magical Staves
 g - a staff of cold
Scrolls
 c - a scroll of blinking {unknown}
 e - a scroll of identify {unknown}
 i - a scroll of silence {unknown}
Potions
 d - a potion of attraction {unknown}
 f - a potion of resistance {unknown}
 h - a potion of flight {unknown}
 j - a potion of berserk rage {unknown}
 k - a potion of might {unknown}


   Skills:
 + Level 4.0 Fighting
 + Level 4.0 Axes
 + Level 3.5 Dodging
 + Level 1.1 Stealth


You had 3 spell levels left.
You didn't know any spells.
Your spell library was empty.

Dungeon Overview and Level Annotations

Branches:
Dungeon (2/15)

Altars:


Innate Abilities, Weirdness & Mutations

Your plain brown scales are hard. (AC +5)
You cannot fit into any form of body armour.
You are cold-blooded and may be slowed by cold attacks.


Message History

Trog accepts your kill. The gnoll barely misses you.
Your Fighting skill increases to level 4!
Your Axes skill increases to level 4!
Your Stealth skill increases to level 1!
You slash the gnoll!
You kill the gnoll!
Trog accepts your kill.
You are no longer berserk.
You are exhausted.
You feel yourself slow down.
No target in view!
No target in view!
No target in view!
No target in view!
No target in view!
No target in view!
No target in view!
No target in view!
No target in view!
No target in view!
Things that are here:
a +0 whip; a gnoll corpse You now have 99 gold pieces (gained 12).
The gnoll shouts!
The gnoll hits you from afar with a +0 halberd. x2
The gnoll hits you with a +0 halberd.
You barely miss the gnoll. The gnoll barely misses you. The gnoll misses you.
You hit the gnoll.
You tail-slap the gnoll, but do no damage.
The gnoll is moderately wounded.
The gnoll hits you with a +0 halberd! The gnoll hits you with a +0 halberd.
You barely miss the gnoll.
The gnoll is moderately wounded.
The gnoll hits you with a +0 halberd!
* * * LOW HITPOINT WARNING * * *
You hit the gnoll.
The gnoll is severely wounded.
The gnoll hits you with a +0 halberd.
You die...

#.# #.# #.# #.########
#.# ##. #...†..).# #.#
#.#
########.##########.###.#
#)##.....†......†.
#.##.###########.# #.#
#.. #.# ### #@#
#[g....... #.........
#......... ####...###
...# ...# ####


You could see a gnoll.

Vanquished Creatures
  2 gnolls (D:2)
  3 adders (D:2)
  A dart slug (D:2)
  A worm (D:2)
  9 endoplasms
  3 giant cockroaches
  5 goblins
  4 hobgoblins (D:1)
  3 kobolds (D:1)
  6 quokkas
  5 ball pythons
  4 bats
  6 frilled lizards
  2 rats
54 creatures vanquished.

Notes
Turn   | Place    | Note
-------+----------+-------------------------------------------
     0 | D:1      | Twixt the Draconian Berserker began the quest for the Orb.
     0 | D:1      | Reached XP level 1. HP: 19/19 MP: 1/1
   236 | D:1      | Reached XP level 2. HP: 26/26 MP: 2/2
   743 | D:1      | Reached XP level 3. HP: 29/33 MP: 3/3
   863 | D:1      | Reached ** piety under Trog
  1271 | D:2      | Reached XP level 4. HP: 40/40 MP: 4/4
  1610 | D:2      | Reached skill level 1 in Stealth
  1620 | D:2      | Slain by a gnoll

Illustrated notes

Levels and vault maps discovered:
D:1:      tarquinn_simple_flora_water_e, layout_loops_corners,
          minmay_misc_feat_plants
D:2:      layout_loops_ring, roderic_roman_lattice,
          hangedman_abyss_or_decor_stabs, kennysheep_generic_room_16

Skill      XL: |  1  2  3  4 |
---------------+-------------+-----
Dodging        | 3 |  3.5
Fighting       | 4 |  4.0
Axes           | 4 |  4.0
Stealth        | 1 |  1.1

Action                     |  1- 3 |  4- 6 || total
---------------------------+-------+-------++-------
  Melee: Hand axe          |   113 |    40 ||   153
         Tailslap          |    13 |     6 ||    19
 Invoke: Berserk           |       |     1 ||     1
   Stab: Sleeping          |     4 |       ||     4
 Armour: Skin              |    25 |    10 ||    35
  Dodge: Dodged            |    66 |    26 ||    92
